 Dungeon Crawl Stone Soup version 0.20-a0 (webtiles) character file.

3003 varam the Grappler (level 9, -7/80 HPs)
             Began as a Troll Monk on Oct 27, 2016.
             Mangled by a killer bee (9 damage)
             ... on level 7 of the Dungeon.
             The game lasted 00:12:14 (6827 turns).

varam the Grappler (Troll Monk)                     Turns: 6827, Time: 00:12:15

Health: -7/80      AC:  8    Str: 25    XL:     9   Next: 54%
Magic:  8/8        EV: 13    Int:  6    God:
Gold:   602        SH:  0    Dex: 13    Spells: 0 memorised, 8 levels left

rFire  . . .     SeeInvis +       - Unarmed
rCold  + . .     Gourm    +     I - +2 robe of Vucad {Str+2}
rNeg   . . .     Faith    .     (no shield)
rPois  .         Spirit   .     o - +1 hat
rElec  .         Reflect  .     (no cloak)
rCorr  .         Harm     .     (gloves unavailable)
MR     .....                    (boots unavailable)
Stlth  ++........               (no amulet)
                                w - ring of see invisible
                                c - ring of protection from cold

@: lethally poisoned (-7 -> -11)
A: unfitting armour, claws 3, fast metabolism 3, gourmand, regeneration 1,
shaggy fur 1, tough skin 2
a: no special abilities


You were on level 7 of the Dungeon.
You were completely stuffed.

You visited 1 branch of the dungeon, and saw 7 of its levels.
You also visited: Ossuary.

You collected 602 gold pieces.

Inventory:

Missiles
 D - 4 tomahawks (quivered)
Armour
 o - a +1 hat (worn)
 I - the +2 robe of Vucad (worn) {Str+2}
   (You found it on level 6 of the Dungeon)

   It affects your strength (+2).
Jewellery
 c - a ring of protection from cold (left claw)
 w - a ring of see invisible (right claw)
Wands
 y - a wand of acid (4/15)
 E - a wand of flame (25/48)
Scrolls
 d - 3 scrolls of immolation {unknown}
 f - 3 scrolls of enchant armour {unknown}
 h - 4 scrolls of amnesia {unknown}
 i - 4 scrolls of noise {unknown}
 k - 4 scrolls of remove curse {unknown}
 m - 2 scrolls of blinking {unknown}
 q - 2 scrolls of magic mapping {unknown}
 s - a scroll of fear {unknown}
 t - 5 scrolls of identify {unknown}
 u - a scroll of recharging {unknown}
 v - a scroll of teleportation {unknown}
 G - a scroll of fog {unknown}
Potions
 e - a potion of mutation {unknown}
 g - 2 potions of might {unknown}
 j - a potion of heal wounds {unknown}
 n - a potion of brilliance {unknown}
 r - 3 potions of lignification {unknown}
 x - 4 potions of curing {@q1}
 B - a potion of flight {unknown}
 F - 2 potions of degeneration {unknown}
Books
 a - a book of Debilitation

   Spells                             Type                      Level
   a - Corona                         Hexes                        1
   b - Slow                           Hexes                        2
   c - Gell's Gravitas                Hexes/Translocation          3
   d - Inner Flame                    Hexes/Fire                   3
   e - Cause Fear                     Hexes                        4
   f - Leda's Liquefaction            Hexes/Earth                  4
 J - a book of Geomancy

   Spells                             Type                      Level
   a - Sandblast                      Earth                        1
   b - Passwall                       Transmutation/Earth          2
   c - Stone Arrow                    Conjuration/Earth            3
   d - Petrify                        Transmutation/Earth          4
   e - Lee's Rapid Deconstruction     Earth                        5
Comestibles
 b - 3 bread rations
 l - 7 meat rations
 p - 2 royal jellies
 z - 3 beef jerkies
 A - a slice of pizza
 C - 3 fruits
 H - 14 chunks of flesh


   Skills:
 - Level 2.4 Fighting
 + Level 6.8 Dodging
 - Level 1.0 Stealth
 * Level 11.2 Unarmed Combat


You had 8 spell levels left.
You didn't know any spells.

Dungeon Overview and Level Annotations

Branches:
Dungeon (7/15)
 Temple: D:4-7

Altars:
Elyvilon
Fedhas
Hepliaklqana
Qazlal
Ru

Shops:
D:5 [


Innate Abilities, Weirdness & Mutations

You are too large for most types of armour.
You have claws for hands.
Your metabolism is lightning-fast.
You like to eat raw meat.
Your natural rate of healing is unusually fast.
You are covered in fur. (AC +1)
You have very tough skin. (AC +2)


Message History

The killer bee closely misses you.
You scratch the killer bee.
The killer bee is moderately wounded.
You feel sick. The killer bee stings you!
* * * LOW HITPOINT WARNING * * *
You claw the killer bee!
You kill the killer bee!
* * * LOW HITPOINT WARNING * * *
You feel sick.
You claw the killer bee!
The killer bee is severely wounded.
* * * LOW HITPOINT WARNING * * *
You feel sick.
The killer bee stings you but does no damage.
The killer bee barely misses you.
You miss the killer bee.
The killer bee is severely wounded.
* * * LOW HITPOINT WARNING * * *
You feel sick. The killer bee closely misses you. The killer bee stings you!
You die...

###### #....# ###.##.# #...##.#
###.##.# #### #@##.#######...# #
######### #y##.##....#...###
#.......#######y##.##....#..^...
#.......##.....y...##....#......
#.......##.#.......##....#......
##......y.................+......
#........##.#.########....#......
#...#.......#.# #....#...###
#..........##.# #....#...#..


You could see 3 killer bees.

Vanquished Creatures
  Sigmund (D:3)
  Eustachio (D:5)
  Duvessa (D:5)
  2 orc warriors (D:6)
  The ghost of varam the Ruffian, an amateur TrMo (D:3)
  3 phantoms
  A sky beast (D:6)
  3 ogres
  2 centaurs (D:7)
  2 bullfrogs
  An elf zombie (Ossuary)
  Dowan (D:5)
  A scorpion (D:6)
  2 killer bees (D:7)
  2 howler monkeys
  A crimson imp (D:5)
  A bullfrog zombie (D:7)
  2 jellies (D:4)
  A centaur zombie (Ossuary)
  A centaur skeleton (D:7)
  4 orc priests
  2 bullfrog skeletons
  2 iguanas
  5 orc wizards
  A gnoll shaman (D:5)
  Natasha (twice) (D:2)
  A worker ant (D:6)
  3 big kobold zombies (Ossuary)
  2 mummies (Ossuary)
  Robin (D:4)
  6 adders
  10 gnolls
  3 shadow imps
  4 oozes
  An adder zombie (D:5)
  5 worms
  5 dart slugs
  3 leopard geckos
  25 orcs
  5 bats
  7 giant cockroaches
  18 goblins
  10 hobgoblins
  15 jackals
  2 quokkas
  5 ball pythons
  4 frilled lizards
  3 goblin zombies (Ossuary)
  3 hobgoblin zombies (Ossuary)
  10 kobolds
  3 orc zombies (Ossuary)
  A quokka zombie (D:5)
  12 rats
213 creatures vanquished.

Notes
Turn   | Place    | Note
-------+----------+-------------------------------------------
     0 | D:1      | varam the Troll Monk began the quest for the Orb.
     0 | D:1      | Reached XP level 1. HP: 22/22 MP: 0/0
   272 | D:1      | Reached XP level 2. HP: 22/29 MP: 1/1
   450 | D:1      | Reached skill level 4 in Unarmed Combat
   450 | D:1      | Reached XP level 3. HP: 36/36 MP: 2/2
   943 | D:2      | Reached XP level 4. HP: 44/44 MP: 3/3
   952 | D:2      | Noticed Natasha
  1093 | D:2      | Killed Natasha
  1199 | D:2      | Found a white marble altar of Elyvilon.
  1200 | D:2      | Found a stormy altar of Qazlal.
  1229 | D:2      | Noticed Natasha
  1466 | D:2      | Killed Natasha
  1570 | D:2      | Reached skill level 5 in Unarmed Combat
  1587 | D:2      | Reached XP level 5. HP: 50/50 MP: 4/4
  2047 | D:3      | Noticed Sigmund
  2054 | D:3      | Killed Sigmund
  2054 | D:3      | Reached skill level 6 in Unarmed Combat
  2054 | D:3      | Reached XP level 6. HP: 59/59 MP: 5/5
  2182 | D:3      | Noticed varam's ghost (amateur TrMo)
  2194 | D:3      | Killed varam's ghost
  2765 | D:4      | Reached XP level 7. HP: 66/66 MP: 6/6
  2887 | D:4      | Reached skill level 7 in Unarmed Combat
  3050 | D:4      | Noticed Robin
  3075 | D:4      | Killed Robin
  3589 | D:5      | Entered Level 5 of the Dungeon
  3610 | D:5      | Noticed Duvessa
  3741 | D:5      | Noticed Dowan
  3883 | D:5      | Reached skill level 8 in Unarmed Combat
  3906 | D:5      | Noticed Eustachio
  3916 | D:5      | Killed Eustachio
  3916 | D:5      | Reached skill level 5 in Dodging
  3916 | D:5      | Reached XP level 8. HP: 72/74 MP: 7/7
  4099 | D:5      | Killed Duvessa
  4100 | D:5      | Killed Dowan
  4199 | D:5      | Found a blossoming altar of Fedhas.
  4200 | D:5      | Found a sacrificial altar of Ru.
  4212 | D:5      | Found a sand-covered staircase.
  4221 | Ossuary  | Entered an ossuary
  4242 | Ossuary  | Reached skill level 9 in Unarmed Combat
  4468 | D:5      | Found Retyliurro's Armour Shop.
  5238 | D:7      | Reached skill level 10 in Unarmed Combat
  5317 | D:7      | Reached XP level 9. HP: 66/80 MP: 8/8
  5582 | D:6      | Found a hazy altar of Hepliaklqana.
  5959 | D:6      | Got a smoking robe
  5970 | D:6      | Identified the +2 robe of Vucad {Str+2} (You found it on level 6 of the Dungeon)
  6028 | D:6      | Reached skill level 11 in Unarmed Combat
  6824 | D:7      | HP: 4/80 [killer bee (7)]
  6827 | D:7      | Mangled by a killer bee

Vault maps used:
D:1:      minmay_arrival_floating_metal
D:2:      gammafunk_temple_overflow_pools, uniq_natasha
D:3:      first_bread, uniq_sigmund
D:4:      uniq_robin
D:5:      gammafunk_temple_overflow_statue, nicolae_ossuary_entry_ruins,
          serial_shops, shop, uniq_duvessa, uniq_eustachio
D:6:      nicolae_overflow_crystal_walls
D:7:      grunt_livestock
Ossuary:  minmay_ossuary_gauntlet

Skill      XL: |  1  2  3  4  5  6  7  8  9 |
---------------+----------------------------+-----
Unarmed Combat | 4 5 6 8 10 11 | 11.2
Dodging        | 3 4 5 6 |  6.8
Fighting       | |  2.4
Stealth        | |  1.0

Action                   |  1- 3 |  4- 6 |  7- 9 || total
-------------------------+-------+-------+-------++-------
Melee: Unarmed           |    85 |   170 |   349 ||   604
       Punch             |     3 |     2 |    19 ||    24
 Stab: Sleeping          |     2 |     1 |     3 ||     6
       Distracted        |       |       |     1 ||     1
  Eat: Chunk             |    14 |    17 |    37 ||    68
Armor: Robe              |    30 |    43 |    92 ||   165
Dodge: Dodged            |    54 |    69 |   203 ||   326
